 Dungeon Crawl Stone Soup version 0.31.0-32-g396128a36d (webtiles) character file.

Game seed: 10636747309264616156

102 Killerpretzel the Changeling (level 4, 0/43 HPs)
             Began as an Octopode Shapeshifter on Mar 8, 2024.
             Succumbed to Robin's poison
             ... on level 2 of the Dungeon.
             The game lasted 00:03:10 (1014 turns).

Killerpretzel the Changeling (OpSh)                 Turns: 1014, Time: 00:03:10

Health: 0/43       AC: 22    Str: 13    XL:     4   Next: 78%
Magic:  4/4        EV:  2    Int: 12    God:
Gold:   86         SH:  0    Dex: 13    Spells: 3/3 levels left

rFire   . .          .
                       - Unarmed
rCold   + . .        (no shield)
rNeg    . . .        (helmet currently unavailable)
rPois   +            (no amulet)
rElec   .            l - ring of protection from cold
rCorr   .            (no ring)
SInv    .            (no ring)
Will    .....        (no ring)
Stlth   +            (no ring)
HPRegen 0.27/turn    (no ring)
MPRegen 0.09/turn    (no ring)
                     (no ring)

%: no passive effects
@: lethally poisoned (0 -> -2), tree-form
A: stationary, stasis, torment immunity, boosted hp, almost no armour,
(amphibious), 8 rings, (camouflage 1), (gelatinous body 1), (nimble swimmer 1),
(tentacles)
a: no special abilities


You were on level 2 of the Dungeon.
You were a tree.
You visited 1 branch of the dungeon, and saw 2 of its levels.

You collected 86 gold pieces.

Inventory:

Hand Weapons
 i - the +8 flail of Taxation {antimagic, rCorr}
   (You found it on level 2 of the Dungeon)

   rCorr:     It protects you from acid and corrosion.
Missiles
 g - 11 poisoned darts (quivered)
 k - 8 stones
 o - 2 boomerangs
Jewellery
 l - a ring of protection from cold (left branch)
 n - a ring of wizardry
Talismans
 b - a beast talisman
 c - a flux talisman
Scrolls
 e - a scroll of fear {unknown}
 f - a scroll of silence {unknown}
 h - a scroll of identify {unknown}
 m - a scroll of enchant weapon {unknown}
Potions
 d - a potion of resistance {unknown}
 j - 4 potions of curing {unknown}


   Skills:
 + Level 2.1 Fighting
 + Level 2.7 Dodging
 + Level 3.5 Unarmed Combat
 * Level 3.9 Shapeshifting


You had 3 spell levels left.
You didn't know any spells.
Your spell library contained the following spells:

 Spells                   Type           Power      Damage    Failure   Level
 Ozocubu's Armour         Ice            0%         N/A       69%         3
 Metabolic Englaciation   Hex/Ice        0%         N/A       100%        5
 Sculpt Simulacrum        Ice/Alch       0%         N/A       100%        6


Dungeon Overview and Level Annotations

Branches:
Dungeon (2/15)

Altars:


Innate Abilities, Weirdness & Mutations

You are a tree.
Your roots penetrate the ground, keeping you stationary.
You cannot be teleported.
You are immune to unholy pain and torment.
Your maximum health is greatly increased.
You cannot wear most types of armour.
((You are amphibious.))
You can wear up to eight rings at the same time.
((Your skin changes colour to match your surroundings (Stealth+).))
((Your rubbery body absorbs attacks. (AC +1, EV +1)))
((You are camouflaged when in or above water. (Stealth+)))
((You have tentacles for arms and can constrict up to eight enemies at once.))


Message History

You barely miss Robin.
Robin is lightly wounded.
You feel sick.
Robin says, "Duck!"
Robin roars a battlecry!
The hobgoblin goes into a battle-frenzy!
You closely miss Robin.
Robin is lightly wounded.
You feel sick.
The hobgoblin no longer looks unusually strong.
Robin roars a battlecry!
The hobgoblin goes into a battle-frenzy!
You completely miss Robin.
Robin is lightly wounded.
You feel sick. Robin hits you but does no damage.
You are lethally poisoned!
You smack Robin!
Robin is severely wounded.
* * * LOW HITPOINT WARNING * * *
You feel sick. Robin hits you but does no damage.
You smack Robin!
You kill Robin!
* * * LOW HITPOINT WARNING * * *
You feel sick.
You hit the hobgoblin.
You kill the hobgoblin!
* * * LOW HITPOINT WARNING * * *
You feel sick.
You smack the hobgoblin!
You kill the hobgoblin!
* * * LOW HITPOINT WARNING * * *
You feel sick.
You hit the hobgoblin.
The hobgoblin is moderately wounded.
* * * LOW HITPOINT WARNING * * *
You feel sick.
The hobgoblin hits you but does no damage.
You smack the hobgoblin!
You kill the hobgoblin!
You die...

###.##............# ###...#
#......#.########.# #..)#
#......#........#.#####...#
#......########.#..........
#......#........#..........
#......#.########.....<....
#......#........#.#####...#
#......########.#.### #...#
.######.#g)♣.....#...# #...#
....#.#.#g########.#.###...#
###.........[..........>...#
gg.............##.##.###....
.g...........#.##.##.####.##
.##.....#....#.........##.##
.............####.##........
###.#.######## ##.##.#.##...
#.## #.....#.##.##


You could see a hobgoblin (strong) and a goblin.

Vanquished Creatures
  Natasha (D:2)
  Robin (D:2)
  An adder (D:2)
  2 ribbon worms (D:2)
  2 dart slugs (D:1)
  An orc (D:2)
  4 endoplasms
  9 goblins
  7 hobgoblins
  A quokka (D:2)
  6 ball pythons
  6 bats
  2 frilled lizards (D:1)
  3 kobolds
  3 rats
49 creatures vanquished.

Notes
Turn   | Place    | Note
-------+----------+-------------------------------------------
     0 | D:1      | Killerpretzel the Octopode Shapeshifter began the quest for
                  | the Orb.
     0 | D:1      | Reached XP level 1. HP: 13/13 MP: 1/1
    78 | D:1      | Reached XP level 2. HP: 15/18 MP: 2/2
   455 | D:1      | Reached XP level 3. HP: 23/23 MP: 3/3
   587 | D:2      | Identified the +8 flail of Taxation {antimagic, rCorr}
   852 | D:2      | Reached XP level 4. HP: 17/29 MP: 4/4
   974 | D:2      | Noticed Natasha
   983 | D:2      | Killed Natasha
   989 | D:2      | Noticed Robin
  1010 | D:2      | Killed Robin
  1011 | D:2      | HP: 2/43 [poisoned by Robin]
  1014 | D:2      | Succumbed to Robin's poison

Illustrated notes

Levels and vault maps discovered:
D:1:      shiori_arrival_oz, layout_rooms
D:2:      layout_loops_cross, minivault_27, minmay_joined_circles, uniq_robin,
          uniq_natasha

Skill      XL: |  1  2  3  4 |
---------------+-------------+-----
Fighting       | 2 |  2.1
Dodging        | |  2.7
Unarmed Combat | |  3.5
Shapeshifting  | |  3.9

Action                     |  1- 3 |  4- 6 || total
---------------------------+-------+-------++-------
  Melee: Unarmed           |    61 |    31 ||    92
         Constrict         |    16 |     3 ||    19
         Punch             |     5 |       ||     5
         Tentacles         |    10 |     2 ||    12
  Throw: Stone             |    18 |       ||    18
         Dart              |     7 |       ||     7
    Use: Potion            |       |     1 ||     1
   Stab: Sleeping          |     3 |       ||     3
 Armour: Skin              |    21 |    14 ||    35
  Dodge: Dodged            |    30 |    12 ||    42
